[Event "NJSK 2018 Meisjes C"]
[Site "Assen, Netherlands"]
[Date "2018.04.29"]
[Round "1.1"]
[White "Basa, Manasvita"]
[Black "De Putter, Nina"]
[Result "1-0"]
[TimeControl "40/90m+30m+30sec/move"]
[WhiteElo "1402"]
[BlackElo "1672"]

1. e4 e5 2. Nf3 Nc6 3. Bc4 Bc5 4. O-O Nf6 5. d3 h6 6. Be3 Bb6 7. Nc3 d6 8. h3 Be6 9. Bb3 Qd7 10.
Bxe6 fxe6 11. d4 exd4 12. Nxd4 O-O-O 13. a4 Bxd4 14. Bxd4 e5 15. Be3 g5 16. f3 Nh5 17. Nd5 Nf4 18. b4 Kb8 19. b5 Na5 20. Qe1 Nc4 21. Bf2 h5 22. Qb4 Nxd5 23.
exd5 Nb6 24. Bxb6 cxb6 25. a5 Qc7 26. Ra3 Qc5+ 27. Qxc5 bxc5 28. c4 Rdf8 29. Re1 Rf4 30. Re4 Rxe4 31.
fxe4 Rf8 32. Rf3 Rf4 33. Rxf4 gxf4 34. Kf2 Kc7 35. g3 fxg3+ 36. Kxg3 Kd7 37.
Kh4 Ke7 38. Kxh5 Kf6 39. Kh6 Kf7 40. Kg5 1-0

[Event "NJSK 2018 Meisjes C"]
[Site "Assen, Netherlands"]
[Date "2018.04.29"]
[Round "1.2"]
[White "Honkoop, Stella"]
[Black "Raulji, Kavya"]
[Result "1/2-1/2"]
[TimeControl "40/90m+30m+30sec/move"]
[WhiteElo "1583"]
[BlackElo "1394"]

1. e4 c5 2. Nf3 d6 3. d4 cxd4 4. Nxd4 Nf6 5. Nc3 a6 6. Be3 e5 7. Nb3 Be7 8. f3 Be6 9. Qd2 Nbd7 10.
O-O-O O-O 11. g4 b5 12. h4 b4 13. Ne2 a5 14. h5 a4 15. Na1 d5 16. g5 d4 17. Bf2 Nxe4 18. Qe1 Nxf2 19.
Qxf2 Bxg5+ 20. Kb1 Nb6 21. Bh3 Bd5 22. Ng3 a3 23. b3 Qc7 24. Ne2 Qc6 25. Rhf1 f5 26. Bg2 Rac8 27. Qe1 Qc7 28.
Qxb4 Be7 29. Qd2 Rb8 30. Rg1 Nc4 31. Qe1 Ne3 32. Rc1 Bf7 33. h6 g6 34. Bh3 Rfc8 35. Qd2 Bb4 36. c3 Ba5 37.
Nc2 Nxc2 38. Qxc2 dxc3 39. Bxf5 1/2-1/2

[Event "NJSK 2018 Meisjes C"]
[Site "Assen, Netherlands"]
[Date "2018.04.29"]
[Round "1.3"]
[White "Arnold, Kiri"]
[Black "Huang, Wendy"]
[Result "0-1"]
[TimeControl "40/90m+30m+30sec/move"]
[WhiteElo "1340"]
[BlackElo "1572"]

1. e4 e5 2. d4 exd4 3. c3 Nc6 4. cxd4 d5 5. e5 Bf5 6. Nc3 Nb4 7. Bb5+ c6 8. Ba4 Qb6 9. Nge2 Nd3+ 10.
Kf1 Ne7 11. Bc2 Qa6 12. Bxd3 Bxd3 13. Ke1 Ng6 14. Nf4 Nxf4 15. Bxf4 Be7 16. Qd2 O-O 17. Be3 Bb4 18. a3 Bg6 19.
Bf4 Rfe8 20. Kd1 c5 21.
Rc1 Bxc3 22. Rxc3 Qa4+ 23. Ke1 cxd4 24. Rc5 d3 25. f3 Rac8 26. Qc1 Rxc5 27. Qxc5 Qxf4 0-1

[Event "NJSK 2018 Meisjes C"]
[Site "Assen, Netherlands"]
[Date "2018.04.29"]
[Round "1.4"]
[White "Cordes, Jule"]
[Black "Hatzmann, Mirthe"]
[Result "1/2-1/2"]
[TimeControl "40/90m+30m+30sec/move"]
[WhiteElo "1551"]
[BlackElo "1323"]

1. d4 d5 2. c4 c6 3. Nc3 Nf6 4. Nf3 dxc4 5. e3 b5 6. a4 Bd7 7. Be2 e6 8. O-O Be7 9. Bd2 O-O 10.
Qc2 Qb6 11. Ne5 Re8 12. Bf3 Nd5 13. axb5 Nxc3 14. Nxc4 Ne2+ 15. Bxe2 Qxb5 16. Bd3 Qh5 17. Nb6 Bd6 18. h3 axb6 19.
Rxa8 h6 20. Re1 e5 21. Bc3 exd4 22. Bxd4 c5 23. Bc3 Bxh3 24. gxh3 Qxh3 25. f4 Rxe3 26. Rxe3 Qxe3+ 27. Kg2 Bxf4 1/2-1/2

[Event "NJSK 2018 Meisjes C"]
[Site "Assen, Netherlands"]
[Date "2018.04.29"]
[Round "1.5"]
[White "Velasco, Kathleen"]
[Black "Den Heijer, Rolinde"]
[Result "1/2-1/2"]
[TimeControl "40/90m+30m+30sec/move"]
[WhiteElo "1284"]
[BlackElo "1538"]

1. e4 e5 2. Nf3 Nc6 3. Bc4 Bc5 4. c3 Nf6 5. d4 exd4 6. cxd4 Bb4+ 7. Bd2 Nxe4 8. Bxb4 Nxb4 9. Qb3 d5 10. Qxb4 dxc4 11. Qxc4 O-O 12. O-O Bg4 13. Nbd2 Nxd2 14. Nxd2 Qg5 15. Ne4 Qg6 16. Ng3 c6 17. Rfe1 h5 18. Qc3 h4 19. Ne2 Qg5 20. h3 Be6 21. Qe3 Qa5 22. Nc3 Rae8 23. Qd2 Qf5 24. Re5 Qg6 25. Qe3 Qh7 26. Ne2 Bd7 27. Rd1 f6 28. Qb3+ Kh8 29. Rxe8 Rxe8 30. Qxb7 Qc2 31. Re1 Rxe2 32. Rxe2 Qxe2 33. Qxd7 Qe1+ 34. Kh2 Qxf2 35. Qe8 Kh7 36. Qh5 Kg8 37. Qe8+ Kh7 38. Qe4 Kg8 39. b4 Qg3 40. Kg1 Qc3 41. Qxh4 Qxb4 42. Qe4 Kf7 43. Qg4 a5 44. Qd7+ Kf8 45. Qd8+ Kf7 46. Qd7+ Kf8 47. Kh2 Qb8 48. Kg1 Qb1+ 49. Kh2 Qb8 50. Kg1 Qb1+ 51. Kh2 Qb8 52. Kh1 1/2-1/2

[Event "NJSK 2018 Meisjes C"]
[Site "Assen, Netherlands"]
[Date "2018.04.29"]
[Round "1.6"]
[White "De Zoeten, Cato"]
[Black "Van Essen, Marieke"]
[Result "1-0"]
[TimeControl "40/90m+30m+30sec/move"]
[WhiteElo "1496"]
[BlackElo "1282"]

1. e4 e5 2. Nf3 Nc6 3. d4 exd4 4.
Nxd4 Qf6 5. Be3 Bc5 6. c3 Nge7 7. Bc4 Ne5 8. Be2 Qg6 9. O-O O-O 10. f4 Qxe4 11. Qd2 N5c6 12. Bd3 Qd5 13.
c4 Qh5 14. Nb5 d6 15. Nxc7 Rb8 16. Nc3 Be6 17. Nxe6 fxe6 18. Ne4 Bxe3+ 19. Qxe3 Nf5 20. Qf3 Qxf3 21. Rxf3 Nfd4 22. Rff1 Nb4 23. Rad1 Nxa2 24. Bb1 Ne2+ 25. Kf2 Nac1 26. g3 e5 27.
Rxc1 Nxc1 28. Rxc1 Rbd8 29. Ke3 exf4+ 30. gxf4 Rde8 31. Kf3 Re6 32. Ba2 Rd8 33. Nxd6 Re7 34. c5+ Kf8 35. b4 a6 36.
Rg1 b6 37. Rg5 g6 38. f5 Rg7 39. fxg6 Rxg6 40. Rf5+ Kg7 41. Rf7+ Kh6 42. Bb1 1-0

[Event "NJSK 2018 Meisjes C"]
[Site "Assen, Netherlands"]
[Date "2018.04.29"]
[Round "1.7"]
[White "Jonkman Inza, Amelia Marry"]
[Black "Martinez, Sara"]
[Result "0-1"]
[TimeControl "40/90m+30m+30sec/move"]
[WhiteElo "1222"]
[BlackElo "1446"]

1. d4 d5 2. c4 e6 3. Nc3 Nf6 4. Nf3 Be7 5. Bf4 a6 6. e3 O-O 7. Bd3 b6 8. O-O Bb7 9. Ne5 Nbd7 10.
Rc1 c5 11. b3 Nxe5 12. Bxe5 Bd6 13. f4 Ne4 14. Qg4 Bxe5 15. fxe5 f5 16. exf6 Rxf6 17. Nxe4 dxe4 18. Bxe4 Bxe4 19.
Qxe4 Ra7 20. Qe5 Raf7 21. Rxf6 Qxf6 22. Qb8+ Rf8 23. Qxb6 Qf2+ 24. Kh1 Qf1 25. Rxf1 Rxf1 0-1

[Event "NJSK 2018 Meisjes C"]
[Site "Assen, Netherlands"]
[Date "2018.04.29"]
[Round "1.8"]
[White "Morote, Luna"]
[Black "Bogouslavskii, Veronique"]
[Result "1/2-1/2"]
[TimeControl "40/90m+30m+30sec/move"]
[WhiteElo "1415"]
[BlackElo "1004"]

1. e4 e5 2. Nf3 Nc6 3. Bb5 a6 4. Ba4 b5 5. Bb3 Nf6 6. d3 Be7 7. c3 Bb7 8. Nbd2 O-O 9. O-O d6 10.
Re1 Qd7 11. h3 Nh5 12. Nf1 Nf6 13. Ng3 Nd8 14. Nf5 Ne6 15. Be3 a5 16. Qd2 c5 17. Rad1 a4 18. Bc2 Qc7 19. Nxe7+ Qxe7 20. Qe2 Rfd8 21. Bc1 Nh5 22. g3 Nf6 23.
d4 exd4 24. cxd4 cxd4 25. Nxd4 Nxd4 26. Rxd4 Qe5 27. Rdd1 Bc6 28. Bb1 Qe6 29. Kh2 Bd7 30. Qf1 Bc6 31. f3 Qe5 32. Qf2 Qe6 33.
Rd4 Re8 34. Red1 d5 35. exd5 Nxd5 36. Be4 Rad8 37. Qd2 Bd7 38. Rxd5 Qxh3 39. Kg1 Qxg3+ 40. Qg2 Qc7 41. Kh1 Be6 42.
Rxd8 Rxd8 43. Rxd8+ Qxd8 44. Be3 Qh4 45. Qh2 Qxh2 46. Kxh2 Bxa2 47. Bc6 Bc4 48. Kg3 g6 1/2-1/2

[Event "NJSK 2018 Meisjes C"]
[Site "Assen, Netherlands"]
[Date "2018.04.30"]
[Round "2.1"]
[White "Huang, Wendy"]
[Black "Basa, Manasvita"]
[Result "1/2-1/2"]
[TimeControl "40/90m+30m+30sec/move"]
[WhiteElo "1572"]
[BlackElo "1402"]

1. e4 e5 2. Nf3 Nc6 3. Bc4 Bc5 4. Nc3 Nf6 5. d3 h6 6. Be3 Bb6 7. O-O d6 8. h3 Be6 9. Nd5 O-O 10.
Bxb6 axb6 11. a3 Bxd5 12. Bxd5 Nxd5 13. exd5 Ne7 14. c4 f5 15. Re1 Ng6 16. Qd2 Nf4 17. d4 Re8 18. Kh2 Ng6 19.
dxe5 dxe5 20. g3 Qf6 21. Kg2 f4 22. Qc2 Rf8 23. Qe4 Rae8 24. Rad1 fxg3 25. fxg3 h5 26. Rf1 1/2-1/2

[Event "NJSK 2018 Meisjes C"]
[Site "Assen, Netherlands"]
[Date "2018.04.30"]
[Round "2.2"]
[White "Martinez, Sara"]
[Black "De Zoeten, Cato"]
[Result "0-1"]
[TimeControl "40/90m+30m+30sec/move"]
[WhiteElo "1446"]
[BlackElo "1496"]

1. e4 c5 2. Nf3 g6 3. d4 cxd4 4. Qxd4 Nf6 5. Nc3 Nc6 6. Qa4 Bg7 7. e5 Ng8 8. Bf4 Qb6 9. O-O-O Nh6 10.
Nd5 Qd8 11. Bc4 O-O 12. h3 a6 13. Qa3 e6 14. Bg5 Qa5 15. Qxa5 Nxa5 16. Nb6 Nxc4 17. Nxa8 b5 18. Nc7 Bb7 19.
Rhe1 Nf5 20. Bf4 Rc8 21. Rxd7 Bc6 22. Red1 Bxd7 23. Rxd7 Nb6 24. Rd6 Nxd6 25. exd6 Rd8 26. Nd2 e5 27.
Bg5 Rxd6 28. Nxa6 f6 29. Be3 Nd5 30. Nc5 Nxe3 31. fxe3 Bh6 32. Nf1 f5 33. Nd3 f4 34. exf4 exf4 35.
Kd1 Kf7 36. Ke2 Re6+ 37. Kf3 Kf6 38. Nd2 Re3+ 39. Kf2 Ke6 40. Nb3 Kd5 41. Nd2 g5 42. Nb4+ Kc5 43. Nd3+ Kd5 44. Nb4+ Kd4 45.
Nd3 Re7 46. Nb4 Rc7 47. c3+ Ke5 48. Nf3+ Ke4 49. Nd2+ Kf5 50. Nf3 Bf8 51. Nc2 Kf6 52. Nd2 Rd7 53. Nd4 b4 54. Ne4+ Kg6 55.
Nf3 bxc3 56. bxc3 Re7 57. Ned2 Ra7 58. Ke2 Rxa2 59. Kd3 h5 60. Ke4 Bg7 61. c4 g4 62. Nh4+ Kg5 63. Nf5 Rxd2 64.
Nxg7 Re2+ 65. Kd5 Rxg2 66. Ne6 Kf5 67. Nd4 Kf6 68. hxg4 hxg4 69. c5 Rd2 70. c6 Rxd4+ 71. Kxd4 Ke7 72.
Ke4 f3 73. Ke3 Kd6 0-1

[Event "NJSK 2018 Meisjes C"]
[Site "Assen, Netherlands"]
[Date "2018.04.30"]
[Round "2.3"]
[White "Hatzmann, Mirthe"]
[Black "Honkoop, Stella"]
[Result "1/2-1/2"]
[TimeControl "40/90m+30m+30sec/move"]
[WhiteElo "1323"]
[BlackElo "1583"]

1. e4 d6 2. d4 Nf6 3. Nc3 Nbd7 4. Bc4 e5 5. Nf3 Be7 6. O-O c6 7. a4 a5 8.
Re1 Qc7 9. Qe2 O-O 10. h3 h6 11. Be3 Re8 12. Rad1 Nf8 13. d5 Ng6 14. Bb3 Bd7 15. Qc4 Rf8 16. Nb5 Qb8 17. Nc3 Qc8 18.
Qd3 1/2-1/2

[Event "NJSK 2018 Meisjes C"]
[Site "Assen, Netherlands"]
[Date "2018.04.30"]
[Round "2.4"]
[White "Bogouslavskii, Veronique"]
[Black "Cordes, Jule"]
[Result "1/2-1/2"]
[TimeControl "40/90m+30m+30sec/move"]
[WhiteElo "1004"]
[BlackElo "1551"]

1. d4 d5 2. c4 c6 3. Nc3 Nf6 4. Nf3 e6 5. e3 Be7 6. Qc2 O-O 7. Bd3 dxc4 8. Bxc4 b5 9. Bd3 a6 10.
O-O h6 11. Re1 Qb6 12. a4 Bb7 13. b3 Nbd7 14. Bb2 Bb4 15. Red1 Rfd8 16. Rac1 Rac8 17. Qe2 Bxc3 18. Bxc3 Nd5 19.
Bd2 Nc7 20. a5 Qa7 21. b4 Qb8 22. e4 Ne8 23. e5 Nf8 24. Nh4 Rxd4 25. Nf3 Rd7 26. Nh4 Rcd8 27. Bc3 Qc7 28. Nf3 Rd5 29.
Bd4 Qb8 30. Be4 R5d7 31. Bxc6 Bxc6 32. Rxc6 Qb7 33. Qc2 1/2-1/2

[Event "NJSK 2018 Meisjes C"]
[Site "Assen, Netherlands"]
[Date "2018.04.30"]
[Round "2.5"]
[White "Den Heijer, Rolinde"]
[Black "Morote, Luna"]
[Result "0-1"]
[TimeControl "40/90m+30m+30sec/move"]
[WhiteElo "1538"]
[BlackElo "1415"]

1. e4 c5 2. Nf3 d6 3.
d4 cxd4 4. Nxd4 Nf6 5. Nc3 a6 6.
Be3 e5 7. Nb3 Be6 8. Bd3 Be7 9. O-O b5 10. Nd2 Nc6 11. a3 Rc8 12. Na2 d5 13. exd5 Nxd5 14. Qe2 O-O 15. f3 Nxe3 16.
Qxe3 Bxa2 17. Rxa2 Qd5 18. Qe4 Qc5+ 19. Kh1 f5 20. Qe2 Nd4 21. Qe1 Nxc2 22. Bxc2 Qxc2 23. Qxe5 Qxd2 24. Qe6+ Kh8 25.
Qxe7 Rfe8 26. Qb4 Rc2 27. Rg1 h6 28. h3 Qxb4 29. axb4 Ree2 30. Rxa6 Rxb2 31. Ra8 Kh7 32. Rf8 Kg6 33.
Rb8 Rxb4 34. Rd1 Rbb2 35. Rb6+ Kh7 36. Rg1 b4 37.
Kh2 f4 38. h4 b3 39. Kh3 h5 40. Rb5 g6 41. Rb7 Kh6 42. Rb6 Kg7 43. Kh2 Rf2 44. Kh1 Rfe2 45. Rb4 Re3 46. Rd1 Rbe2 47.
Rb1 Re1 48. Rxe1 Rxe1 49. Kh2 Rb1 50. Rxf4 b2 51. Rb4 Kf6 52. Kg3 Ke5 53. Kf2 Kd5 54. Ke3 Re1+ 55. Kf4 b1=Q 56. Rxb1 Rxb1 57.
Kg5 Rb6 58. f4 Ke4 59. f5 gxf5 60. Kxh5 Ke5 61. Kg5 Rb2 62. g4 fxg4 63. Kxg4 Kf6 64. Kh5 Rb8 65. Kg4 Kg6 66. Kg3 Kh5 67.
Kh3 Rb3 68. Kh2 Kxh4 69. Kh1 Kg3 70. Kg1 Rb1+ 0-1

[Event "NJSK 2018 Meisjes C"]
[Site "Assen, Netherlands"]
[Date "2018.04.30"]
[Round "2.6"]
[White "Raulji, Kavya"]
[Black "Velasco, Kathleen"]
[Result "1-0"]
[TimeControl "40/90m+30m+30sec/move"]
[WhiteElo "1394"]
[BlackElo "1284"]

1. e4 e5 2. Nf3 Nc6 3. Bc4 Bc5 4. c3 Nf6 5. d3 d6 6. Nbd2 O-O 7. O-O Bg4 8. h3 Bh5 9. Re1 Ne7 10.
Nf1 Bxf3 11. Qxf3 h6 12. Bxh6 gxh6 13. Qxf6 Kh7 14. Bxf7 Qe8 15. Bxe8 Rxf6 16. Bh5 Bxf2+ 17. Kh1 Bxe1 18.
Rxe1 Raf8 19. Bf3 Ng6 20. Nd2 Nf4 21. Re3 Ne6 22. Kh2 a5 23. h4 c5 24. Nc4 Nc7 25. a3 Na6 26. Nxa5 b6 27.
Nb3 Rf4 28. Kh3 Nc7 29. d4 c4 30. Nd2 b5 31. d5 Rc8 32. Bg4 Ra8 33. Bf5 Kh8 34. Re2 Rxf5 35. exf5 Nxd5 36. g3 Kg7 37.
Ne4 Rb8 38. Nxd6 Kf6 39. Rf2 h5 40. Ne4+ Kf7 41. f6 Rf8 42. Ng5+ Kg6 43. f7 Nf6 44. Rxf6+ Kxf6 45. Nh7+ Kxf7 46.
Nxf8 Kxf8 47. g4 hxg4 48. Kxg4 Ke7 49. Kf5 Kd6 50. Ke4 Kc6 51. h5 Kb6 52. h6 Ka5 53. h7 Ka4 54. h8=Q Kb3 55.
Qxe5 Ka4 56. Qc5 Ka5 57. Qb4+ Kb6 58. a4 Kc6 59. Qxb5+ 1-0

[Event "NJSK 2018 Meisjes C"]
[Site "Assen, Netherlands"]
[Date "2018.04.30"]
[Round "2.7"]
[White "De Putter, Nina"]
[Black "Jonkman Inza, Amelia Marry"]
[Result "1-0"]
[TimeControl "40/90m+30m+30sec/move"]
[WhiteElo "1672"]
[BlackElo "1222"]

1. e4 e6 2. d4 d5 3. exd5 exd5 4. c4 Nf6 5. Nc3 c6 6. Nf3 Nbd7 7. Bd3 Be7 8. Bf4 O-O 9. O-O Re8 10.
Rc1 Nf8 11. cxd5 Nxd5 12. Bg3 Bg4 13. Be2 Rc8 14. Qb3 b5 15. Nxd5 Qxd5 16. Qxd5 cxd5 17. Bxb5 Red8 18. Ne5 Bf5 19.
Ba6 Rxc1 20. Rxc1 Rd6 21. Nc6 Rd7 22. Bc8 Bg5 23. Bxd7 Bxd7 24. f4 Bf6 25. Ne5 Be6 26. Rc7 a5 27.
Ra7 h6 28. Rxa5 g5 29. b4 Nh7 30. b5 Be7 31. Ra8+ Kg7 32. b6 Bd6 33. b7 Nf6 34. b8=Q Bxb8 35. Rxb8 Ne4 36. a4 Nc3 37.
a5 Ne2+ 38. Kf2 Nxd4 39. a6 f6 40. Nd3 Nc6 41. Rb7+ Kg6 42. a7 Nxa7 43. Rxa7 Bf5 44. Ke3 Kh5 45. fxg5 fxg5 46. h3 Kg6 47.
Ra6+ Kh5 48. Be1 Be4 49. g4 1-0

[Event "NJSK 2018 Meisjes C"]
[Site "Assen, Netherlands"]
[Date "2018.04.30"]
[Round "2.8"]
[White "Van Essen, Marieke"]
[Black "Arnold, Kiri"]
[Result "1/2-1/2"]
[TimeControl "40/90m+30m+30sec/move"]
[WhiteElo "1282"]
[BlackElo "1340"]

1. e4 c5 2. Nf3 d6 3. d4 cxd4 4. Nxd4 Nf6 5. Nc3 a6 6.
Be2 e5 7. Nb3 Be7 8. Be3 O-O 9. Qd2 Be6 10. f3 d5 11. exd5 Nxd5 12. Nxd5 Qxd5 13. Qxd5 Bxd5 14. O-O-O Bxb3 15.
axb3 Nc6 16. Rd7 b5 1/2-1/2

[Event "NJSK 2018 Meisjes C"]
[Site "Assen, Netherlands"]
[Date "2018.05.01"]
[Round "3.1"]
[White "De Zoeten, Cato"]
[Black "Huang, Wendy"]
[Result "0-1"]
[TimeControl "40/90m+30m+30sec/move"]
[WhiteElo "1496"]
[BlackElo "1572"]

1. e4 e5 2. f4 exf4 3. Nf3 Be7 4. Bc4 Bh4+ 5. Kf1 d6 6. d4 Bg4 7. Bxf4 Qf6 8. Be3 Nc6 9. Nc3 Nge7 10.
Nb5 Rc8 11. h3 Bxf3 12. Qxf3 a6 13. Nc3 O-O 14. Ne2 Ng6 15. Qxf6 Bxf6 16. g4 Rfe8 17. Bd5 Nb4 18. Bf2 Nxd5 19. exd5 Bh4 20. Bxh4 Nxh4 21. Kf2 Re4 22.
Rae1 Rce8 23. Nc3 Rxe1 24. Rxe1 Rxe1 25. Kxe1 Nf3+ 26. Ke2 Nxd4+ 27. Kd3 Nf3 28. Ke3 Ne5 29. b3 Kf8 30. Ne4 Ke7 31.
c4 h6 32. Kd4 Nf3+ 33. Ke3 Ng5 34. Nf2 g6 35. h4 Nh7 36. b4 Nf6 37. g5 hxg5 38. hxg5 Nd7 39. Nd3 Ne5 40. Nb2 f6 41.
gxf6+ Kxf6 42. c5 g5 43. a4 dxc5 44. bxc5 Nd7 45. Kd4 g4 46. Nd3 g3 47. Nf4 Kf5 48. Ng2 c6 49. Kc4 a5 50.
Kd4 Kg4 51. Kc4 Kf3 52. Nh4+ Ke3 0-1

[Event "NJSK 2018 Meisjes C"]
[Site "Assen, Netherlands"]
[Date "2018.05.01"]
[Round "3.2"]
[White "Morote, Luna"]
[Black "Raulji, Kavya"]
[Result "0-1"]
[TimeControl "40/90m+30m+30sec/move"]
[WhiteElo "1415"]
[BlackElo "1394"]

1. e4 c5 2. Nf3 d6 3. d4 cxd4 4. Nxd4 Nf6 5. Nc3 a6 6. h3 e5 7. Nde2 h5 8. g3 Be7 9. Bg2 Be6 10.
Be3 Nbd7 11. Qd2 O-O 12. O-O-O b5 13. f4 b4 14. Nd5 Bxd5 15. exd5 a5 16. Rh2 Qc7 17. Rdh1 Rfc8 18. g4 h4 19.
Rf1 a4 20. Bh1 b3 21. Nc3 Qc4 22. Qd3 Qxd3 23. cxd3 a3 24. Kb1 bxa2+ 25. Kxa2 axb2+ 26. Kxb2 Rcb8+ 27. Kc2 Rc8 28. Rb1 exf4 29.
Bxf4 Ra6 30. Re2 Kf8 31. Bg5 Ne5 32. Bxh4 Ra3 33. Be1 Bd8 34. Kb2 Ra7 35. Be4 Nxe4 36. dxe4 Bf6 37. Kc2 Nf3 38.
Re3 Nxe1+ 39. Rbxe1 Rac7 40. Kd1 Rxc3 41. Rxc3 Rxc3 0-1

[Event "NJSK 2018 Meisjes C"]
[Site "Assen, Netherlands"]
[Date "2018.05.01"]
[Round "3.3"]
[White "Basa, Manasvita"]
[Black "Martinez, Sara"]
[Result "1-0"]
[TimeControl "40/90m+30m+30sec/move"]
[WhiteElo "1402"]
[BlackElo "1446"]

1. e4 e6 2. d4 d5 3. e5 c5 4. c3 Nc6 5. Nf3 Bd7 6. Be2 f6 7. O-O Qc7 8. Bf4 O-O-O 9. Bg3 f5 10.
Ng5 Nh6 11. Na3 a6 12. Nc2 Be7 13. Bf4 Rdf8 14. Rb1 Nf7 15. Nxf7 Rxf7 16. Qd2 Qd8 17. Be3 c4 18. b3 g5 19.
f4 gxf4 20. Bxf4 cxb3 21. Rxb3 Na5 22. Rbb1 Rg7 23. Ne3 Qc7 24. c4 Bc6 25. cxd5 Bxd5 26. Nxd5 exd5 27. e6 Qd8 28. Be5 Bf6 29.
Bxf6 Qxf6 30. Qxa5 Qxd4+ 31. Kh1 Qe4 32. Bf3 Qxe6 33. Qc3+ Kd8 34. Qxg7 Rg8 35. Qxb7 Qg6 36. Qxd5+ Ke7 37.
Rfe1+ Kf8 38. Rb8+ 1-0

[Event "NJSK 2018 Meisjes C"]
[Site "Assen, Netherlands"]
[Date "2018.05.01"]
[Round "3.4"]
[White "Cordes, Jule"]
[Black "De Putter, Nina"]
[Result "0-1"]
[TimeControl "40/90m+30m+30sec/move"]
[WhiteElo "1551"]
[BlackElo "1672"]

1. d4 d5 2. c4 c6 3. Nc3 dxc4 4. a4 a6 5. e3 b5 6. axb5 cxb5 7. Nxb5 Bb7 8. Nc3 Nd7 9. Nf3 Rc8 10.
Be2 Ngf6 11. O-O e6 12. Nd2 Nb6 13. Bf3 Nfd5 14. Nxd5 Nxd5 15. Qe2 c3 16. bxc3 Nxc3 17. Qd3 Nd5 18.
Bb2 Bd6 19. Rfc1 Qh4 20. Rxc8+ Bxc8 21. Nf1 Bb7 22. Bxd5 exd5 23. Qb3 Qe7 24. Ng3 g6 25. Qa4+ Kf8 26. Qd1 h5 27. Nf1 h4 28. f3 h3 29.
g3 Rh5 30. Qe1 Qf6 31. Qf2 g5 32. g4 Rh4 33. Ba3 Bc8 34. Bxd6+ Qxd6 35. Ng3 Kg8 36. Ra2 Qg6 37. Ra1 Rh6 38.
Rc1 Bd7 39. Ra1 Qd3 40. Re1 a5 41. Qa2 Qc3 42. Qb1 Qb4 43. Ne2 Rb6 44. Qa1 Qd2 45. Qc1 Rb2 46. Qxd2 Rxd2 47. Nc3 Bc6 48.
Ra1 Rd3 49. Nd1 Rd2 50. Nc3 Rg2+ 51. Kh1 Rc2 52. Nd1 a4 53. Ra3 Rc1 54. Rd3 a3 55. Kg1 a2 56. Ra3 a1=Q 57. Rxa1 Rxa1 58. Kf2 Rxd1 59. Kg3 Rg1+ 60.
Kxh3 Bb5 61. f4 Bf1 0-1

[Event "NJSK 2018 Meisjes C"]
[Site "Assen, Netherlands"]
[Date "2018.05.01"]
[Round "3.5"]
[White "Honkoop, Stella"]
[Black "Bogouslavskii, Veronique"]
[Result "0-1"]
[TimeControl "40/90m+30m+30sec/move"]
[WhiteElo "1583"]
[BlackElo "1004"]

1. e4 e5 2. Nf3 Nc6 3. d4 exd4 4. Nxd4 Nf6 5. Nc3 Bb4 6. Nxc6 bxc6 7. Bd3 d5 8. exd5 cxd5 9. O-O O-O 10.
Bg5 Be6 11. Qf3 Be7 12. Rfe1 h6 13. Bf4 Qd7 14. h3 Rab8 15. Rab1 Rb7 16. Be5 c5 17. Red1 Rd8 18. b3 Nh7 19.
Qg3 Nf6 20. Na4 Qc6 21. Nc3 Bd6 22. Bxd6 Qxd6 23. Qxd6 Rxd6 24. Re1 Rd8 25. Na4 Rc7 26. Nc3 Kf8 27. Rbd1 Rcd7 28. Ne2 c4 29.
Bg6 fxg6 30. Nd4 Bf7 31. f3 cxb3 32. axb3 Re8 33. Kf2 Rxe1 34. Rxe1 Re7 35. Ra1 Rc7 36. Re1 g5 37. Kf1 Kg8 38.
Re3 Bg6 39. c3 a6 40. g4 Kf7 41. Ne6 Re7 42. Nd8+ Ke8 43. Rxe7+ Kxe7 44. Nc6+ Kd6 45. Nd4 Ne8 46. Ke2 Ke5 47.
Ke3 Nc7 48. Nc6+ Kd6 49. Nd4 Ne6 50. Ne2 Ke5 51. b4 Nf4 52. Ng1 Bd3 53. Kf2 d4 0-1

[Event "NJSK 2018 Meisjes C"]
[Site "Assen, Netherlands"]
[Date "2018.05.01"]
[Round "3.6"]
[White "Arnold, Kiri"]
[Black "Hatzmann, Mirthe"]
[Result "0-1"]
[TimeControl "40/90m+30m+30sec/move"]
[WhiteElo "1340"]
[BlackElo "1323"]

1. e4 e5 2. d4 exd4 3. c3 dxc3 4. Nxc3 Nc6 5. Bc4 Bb4 6. Nf3 Nge7 7. O-O Bxc3 8. bxc3 O-O 9. Bg5 d6 10.
h3 h6 11. Bh4 Qd7 12. Re1 Ng6 13. Bg3 Nge5 14. Bb3 Qe7 15. Kh2 Qf6 16. Nh4 Ng6 17. Nxg6 Qxg6 18. f4 Qf6 19. Qd3 Qg6 20.
Rad1 Kh8 21. Bc2 Re8 22. Qe2 Qe6 23. Bb3 Qe7 24. Qf3 Be6 25. c4 Na5 26. Qc3 Nxb3 27. axb3 Rad8 28. Bf2 Bc8 29.
Bd4 Rg8 30. Ra1 a6 31. Qd2 Qd7 32. f5 f6 33. Rad1 Qf7 34. Qe2 Rge8 35. Qf3 b5 36. cxb5 axb5 37. Rc1 Bb7 38. Qg4 Re7 39.
b4 Rde8 40. Qe2 Rxe4 41. Qxb5 Rxe1 42. Rxe1 Rxe1 43. Qxb7 Qd7 44. Qf3 d5 45. Qg3 Qd6 46. Qxd6 cxd6 47. b5 Rd1 48. Bf2 Rb1 49. b6 Rb4 50. Bg1 d4 51.
b7 d3 52. Be3 Rxb7 53. Kg1 Rb2 0-1

[Event "NJSK 2018 Meisjes C"]
[Site "Assen, Netherlands"]
[Date "2018.05.01"]
[Round "3.7"]
[White "Velasco, Kathleen"]
[Black "Van Essen, Marieke"]
[Result "1/2-1/2"]
[TimeControl "40/90m+30m+30sec/move"]
[WhiteElo "1284"]
[BlackElo "1282"]

1. e4 e5 2. Nf3 Nc6 3. Bc4 Bc5 4.
c3 Nf6 5. d4 exd4 6. cxd4 Bb4+ 7. Bd2 Bxd2+ 8. Nbxd2 d5 9. exd5 Nxd5 10. O-O O-O 11. Re1 Nb6 12. Qc2 Nxd4 13. Nxd4 Qxd4 14.
Bd3 g6 15. Nf3 Qd6 16. h3 Nd5 17. Bc4 Be6 18. Qb3 a5 19. a4 Rfe8 20. Nd4 c6 21. Qxb7 Nc7 22. Bxe6 Nxe6 23. Nxe6 fxe6 24.
Rad1 Qb4 25. Qxc6 Rac8 26. Qb5 Rb8 27. Qxb4 Rxb4 28. Ra1 Rxb2 29. Re5 Rf8 30. f3 Rf5 31. Rxe6 Rd5 32. Re4 Rdd2 33.
Rg4 Kf7 34. h4 h6 35. Kh2 Rf2 36. Kh3 Kf6 37. Rc1 Rfc2 38. Rxc2 Rxc2 39. Re4 Rb2 40. Rc4 Rb4 41. Rc6+ Kf7 42.
Rc7+ Kg8 43. Rc6 Kf7 44. Rc7+ Kg8 45. g4 Rxa4 46. Kg3 Rb4 47. Ra7 a4 48. Kf2 Rf4 49. Kg3 Rb4 50. g5 h5 51.
Ra6 Kf7 52. Rf6+ Kg7 53. Ra6 Kf7 54. Ra7+ Kg8 55. Kh3 Rf4 56. Ra8+ Kf7 57. Ra7+ Kg8 58. Kg3 Rb4 1/2-1/2

[Event "NJSK 2018 Meisjes C"]
[Site "Assen, Netherlands"]
[Date "2018.05.01"]
[Round "3.8"]
[White "Jonkman Inza, Amelia Marry"]
[Black "Den Heijer, Rolinde"]
[Result "0-1"]
[TimeControl "40/90m+30m+30sec/move"]
[WhiteElo "1222"]
[BlackElo "1538"]

1. d4 d5 2. c4 e6 3. Nc3 Nf6 4. Nf3 Be7 5. Bf4 c6 6. e3 O-O 7. Bd3 Nbd7 8. O-O b6 9. Ne5 Bb7 10.
Qf3 c5 11. Qg3 Nh5 12. Qh3 g6 13. Bh6 Ng7 14. Nf3 Rc8 15. Nd2 cxd4 16. exd4 Bg5 17. cxd5 Bxh6 18. Qxh6 exd5 19. Nf3 Nf6 20.
Rfe1 a6 21. Rac1 Qd6 22. Ng5 Ne6 23. Ne2 Nxg5 24. Qxg5 Kg7 25. Ng3 Kh8 26. h3 Nd7 27. Qh6 Nf6 28. h4 Ng4 29. Qg5 h5 30.
Kf1 Rxc1 31. Rxc1 Kh7 32. Qd2 Kg7 33. f4 Qf6 34. f5 Qxh4 35. Qf4 Nh2+ 36. Kg1 Qxf4 37. Rf1 Nxf1 38. Nxf1 Qxd4+ 39. Kh2 Qxd3 40. Ng3 Re8 41. fxg6 fxg6 42. b3 h4 43. Nh1 Re2 44. a4 d4 45. b4 Rxg2 0-1

[Event "NJSK 2018 Meisjes C"]
[Site "Assen, Netherlands"]
[Date "2018.05.02"]
[Round "4.1"]
[White "Raulji, Kavya"]
[Black "Basa, Manasvita"]
[Result "0-1"]
[TimeControl "40/90m+30m+30sec/move"]
[WhiteElo "1394"]
[BlackElo "1402"]

1. e4 e5 2. Nf3 Nc6 3. Bc4 Bc5 4. O-O Nf6 5. d3 O-O 6. a4 a5 7. c3 d5 8. exd5 Nxd5 9. Re1 Re8 10.
Nbd2 Nf6 11. h3 h6 12. Ne4 Nxe4 13. dxe4 Be6 14. Bxe6 Rxe6 15. Be3 Bxe3 16. Rxe3 Rd6 17. Qb3 b6 18.
Qb5 Qf6 19. Qe2 Rad8 20. Rb1 Ne7 21. b4 axb4 22. cxb4 Ng6 23. g3 Ra8 24. Ra1 Ne7 25. Kg2 Nc6 26. Rb3 Nd4 27. Nxd4 Rxd4 28.
Qc2 Qd6 29. Qb1 Qc6 30. a5 Rxe4 31. b5 Qd5 32. Kg1 bxa5 33. Rba3 a4 34. Rc3 Rc4 35. Rd3 Qc5 36. Rda3 Rc2 37.
Qf1 Rb2 38. Rxa4 Rxa4 39. Rxa4 Qxb5 40. Qxb5 Rxb5 41. Rc4 c5 42. Kg2 f5 43. g4 g6 44. Kg3 Kf7 45. h4 Ke6 46. g5 hxg5 47.
hxg5 Kd5 48. Rh4 c4 49. Rh6 Rb6 50. f4 e4 51. Kf2 c3 52. Ke2 c2 53. Kd2 Rc6 54. Kc1 e3 55. Rh2 Ke4 56.
Rxc2 Rxc2+ 57. Kxc2 Kxf4 58. Kd1 Kf3 59. Ke1 e2 60. Kd2 Kf2 61. Kd3 e1=Q 62. Kc4 Qd2 63. Kb5 Qc3 64. Kb6 Ke3 65.
Kb7 Qc5 66. Ka6 Qb4 67. Ka7 Kd4 68. Ka6 Kc5 69. Ka7 Kc6 70. Ka8 Qb7# 0-1